Cogmind - Beta 13 @@@ ROGUE MODE // 2024.04.20 @ 08:20:35 Player: Zaros426 Result: Core destroyed Performance ------------- Evolutions (0) 0 Regions Visited (3) 600 Robots Destroyed (32) 160 Value Destroyed (535) 535 Prototype IDs (3) 60 Alien Tech Used (0) 0 Bonus (0) 0 TOTAL SCORE: 1355 Bonus ------- None Cogmind --------- Core Integrity 0/250 Matter 103/300 Energy 99/100 System Corruption 0% Temperature Cool (0) Movement Core (150) Ox2 Location -10/Subcaves Parts ------- > --- POWER (1) -------- (None) > --- PROPULSION (2) --- (None) > --- UTILITY (2) ------ Bomb Drone Bay (0/16) > --- WEAPON (2) ------- (None) > --- INVENTORY (5) ---- Large Storage Unit Structural Scanner Improved Terrain Scanner Seismic Detector Peak State ------------ > --- POWER ------------ (None) > --- PROPULSION ------- (None) > --- UTILITY ---------- Bomb Drone Bay > --- WEAPON ----------- Grenade Launcher > --- INVENTORY -------- Large Storage Unit Structural Scanner Improved Terrain Scanner Seismic Detector [Rating: 15] Favorites ----------- Power Ion Engine Engine Ion Engine Propulsion Light Treads Treads Light Treads Utility Large Storage Unit Device Structural Scanner Storage Large Storage Unit Processor Signal Interpreter Weapon Medium Laser Energy Gun Medium Laser Ballistic Gun Assault Rifle Launcher Grenade Launcher Build | -11 -10 -10 -10 ------- Run | Yrd Mat Min Sub Slots Evolved . | . . . . Power . | . . . . Propulsion . | . . . . Utility . | . . . . Weapon . | . . . . Parts Attached 23 | 8 6 2 7 Power 1 | 1 . . . Engine 1 | 1 . . . Core . | . . . . Reactor . | . . . . Propulsion 2 | 2 . . . Treads 2 | 2 . . . Leg . | . . . . Wheel . | . . . . Hover . | . . . . Flight . | . . . . Utility 9 | 3 4 1 1 Device 4 | 2 . 1 1 Storage 3 | 1 2 . . Processor 2 | . 2 . . Hackware . | . . . . Protection . | . . . . Artifact . | . . . . Weapon 11 | 2 2 1 6 Energy Gun 3 | 1 1 . 1 Energy Cannon . | . . . . Ballistic Gun 4 | 1 1 . 2 Ballistic Cannon . | . . . . Launcher 4 | . . 1 3 Special Weapon . | . . . . Impact Weapon . | . . . . Slashing Weapon . | . . . . Piercing Weapon . | . . . . Special Melee Weapon . | . . . . Unidentified Prototypes 1 | . . . 1 Parts Lost 8 | . . . 8 Power 1 | . . . 1 Propulsion 2 | . . . 2 Utility . | . . . . Weapon 5 | . . . 5 Highest Loss Streak 7 | . . . 7 To Critical Strikes . | . . . . Average Slot Usage (%) 97 | . 100 100 87 Engine 13 | . 14 14 11 Treads 27 | . 28 28 23 Device 7 | . 9 5 14 Storage 13 | . 14 14 11 Processor 6 | . 4 8 . Energy Gun 13 | . 14 14 8 Ballistic Gun 8 | . 14 7 7 Launcher 5 | . . 6 9 Naked Turns . | . . . . Heaviest Build 50 | 15 50 31 32 Greatest Support 40 | 40 40 40 40 Greatest Overweight (x) 3 | . 1 . 3 Average Overweight (x) . | . . . . Largest Inventory Capacity 20 | 8 20 15 15 Average Capacity 14 | 7 16 15 13 Most Carried 12 | 2 10 12 12 Average Carried 9 | . 5 10 10 Final Capacity 15 | 8 15 15 5 Final Carried 11 | 2 9 11 4 Class Distribution -------------------- 100% | Mutant Dominant Class ---------------- Mutant | -10/Materials Mutant | -10/Mines Mutant | -10/Subcaves Resources | -11 -10 -10 -10 ----------- Run | Yrd Mat Min Sub Matter Collected 715 | 256 186 140 133 Remotely . | . . . . Salvage Created 716 | 50 312 221 133 Parts 73 | 8 27 24 14 Haulers Intercepted . | . . . . Recyclers Shooed 3 | 1 1 1 . Parts Field Recycled . | . . . . Retrieved Matter . | . . . . Parts Self-Destructed 4 | . . . 4 Prevented . | . . . . Kills | -11 -10 -10 -10 ------- Run | Yrd Mat Min Sub Combat Hostiles Destroyed 16 | . 2 5 9 Guns 8 | . 2 5 1 AOE 8 | . . . 8 Classes Destroyed 9 | 1 5 1 2 Worker 4 | . 3 1 . Builder 3 | . 2 1 . Tunneler 5 | 3 . 2 . Recycler 2 | . 1 1 . Watcher 2 | . 2 . . Swarmer 7 | . . 3 4 Grunt 4 | . 2 2 . Sentry 1 | . . . 1 Subdweller 4 | . . . 4 Best Kill Streak 4 | 2 4 3 3 Combat Bots Only 3 | . 1 3 3 Max Kills in Single Turn 2 | 1 1 1 2 Gunslinging . | . . . . Exploded 2 | . . . 2 Melee . | . . . . Uniques/NPCs Destroyed . | . . . . Combat | -11 -10 -10 -10 -------- Run | Yrd Mat Min Sub Hostile Shots Fired 86 | . 6 27 53 Missed 30 | . 2 9 19 Damage Taken 1210 | . 112 198 900 Core 267 | . . 55 212 Absorbed by Shields . | . . . . Core Remaining (%) 100 | 100 . . . Volleys Fired 91 | 15 29 22 25 Largest 2 | 2 2 2 2 Hottest 70 | 70 70 70 70 Shots Fired 164 | 23 57 39 45 Gun 132 | 23 57 34 18 Cannon . | . . . . Launcher 32 | . . 5 27 Special . | . . . . Kinetic 71 | 15 29 17 10 Thermal 61 | 8 28 17 8 Explosive 32 | . . 5 27 Electromagnetic . | . . . . Robot Hit Streak 11 | 4 11 7 6 Robot Miss Streak 5 | 2 5 4 3 Penetration Max . | . . . . Secondary Targets 2 | . . 2 . Max Gunslinging Chain 1 | . . 1 . Shots Hit Robots 82 | 13 31 21 17 Core Hits 47 | 3 16 12 16 Critical Kills . | . . . . Critical Parts Destroyed . | . . . . Critical Strikes 10 | . 6 3 1 Burn 10 | . 6 3 1 Melee Attacks . | . . . . Impact . | . . . . Slashing . | . . . . Piercing . | . . . . Sneak Attacks . | . . . . Combat Hostiles . | . . . . Follow-up Attacks . | . . . . Damage Inflicted 1839 | 197 398 320 924 Guns 1042 | 197 398 262 185 Cannons . | . . . . Explosions 739 | . . . 739 Melee . | . . . . Ramming 58 | . . 58 . Kinetic 558 | 133 198 116 111 Thermal 484 | 64 200 146 74 Explosive 739 | . . . 739 Electromagnetic . | . . . . Impact . | . . . . Slashing . | . . . . Piercing . | . . . . Highest Corruption . | . . . . Average Corruption . | . . . . Corruption Purged . | . . . . Corruption Blocked . | . . . . Overload Shots . | . . . . Overflow Damage 24 | . . . 24 Projectiles . | . . . . Explosions 24 | . . . 24 Melee . | . . . . Knockbacks . | . . . . Impact . | . . . . Kinetic . | . . . . Secondary . | . . . . Self-Inflicted Damage 63 | . . . 63 Shots 3 | . . . 3 Rammed 7 | . . 7 . Targets Rammed 11 | . . 11 . Kicked . | . . . . Crushed 4 | . . 4 . Highest Temperature 63 | 27 63 58 . Average Temperature 17 | 13 15 22 . Received Heat Transfer 120 | . 33 66 21 Siege Activations . | . . . . Robots Corrupted . | . . . . Combat Hostiles . | . . . . Parts Fried . | . . . . Impact Corruptions . | . . . . Robots Melted . | . . . . Combat Hostiles . | . . . . Parts Melted 4 | . 2 2 . Heat Transferred 2183 | 185 1036 666 296 Parts Sabotaged . | . . . . Parts Stolen . | . . . . Parts Stripped . | . . . . Power Chain Reactions . | . . . . Alert | -11 -10 -10 -10 ------- Run | Yrd Mat Min Sub Peak Influence 88 | 15 88 62 . Initial 12 | . 9 12 . Average 12 | 4 27 8 . Maximum Alert Level . | . . . . Low Security (%) 100 | 100 100 100 . Level 1 . | . . . . Level 2 . | . . . . Level 3 . | . . . . Level 4 . | . . . . Level 5 . | . . . . High Security . | . . . . Max Security . | . . . . Squads Dispatched . | . . . . Investigation . | . . . . Extermination . | . . . . Reinforcement . | . . . . Assault . | . . . . Garrison . | . . . . Intercept . | . . . . Searches Triggered . | . . . . Construction Impeded . | . . . . Haulers Reinforced . | . . . . Active Scanning Responses . | . . . . Cargo Convoy Interrupts . | . . . . Stealth | -11 -10 -10 -10 --------- Run | Yrd Mat Min Sub Distress Signals 1 | . 1 . . Communications Jammed . | . . . . Distress Signals . | . . . . Times Spotted 28 | . 8 5 15 Peak Tracking Total 4 | . 3 3 4 Tactical Retreats . | . . . . Traps | -11 -10 -10 -10 ------- Run | Yrd Mat Min Sub Traps Triggered 2 | . 2 . . Indirectly . | . . . . Trap Hack Attempts . | . . . . Triggered . | . . . . Disarmed . | . . . . Reprogrammed . | . . . . Reused . | . . . . Traps Extracted . | . . . . Installed 1 | . . . 1 Triggered . | . . . . Most Traps Carried 1 | . . . 1 Machines | -11 -10 -10 -10 ---------- Run | Yrd Mat Min Sub Machines Disabled 1 | . . . 1 Max in Single Turn 1 | . . . 1 Machines Repaired . | . . . . Machines Dismantled . | . . . . Machines Sabotaged . | . . . . Overloaded Fab Kills . | . . . . Hacking | -11 -10 -10 -10 --------- Run | Yrd Mat Min Sub Machines Accessed 6 | . 3 2 1 Terminals 4 | . 3 1 . Fabricators . | . . . . Repair Stations . | . . . . Recycling Units . | . . . . Scanalyzers . | . . . . Garrison Access . | . . . . Total Hacks 11 | . 6 4 1 Successful 8 | . 5 2 1 Failed 3 | . 1 2 . Catastrophic . | . . . . Database Lockouts . | . . . . Manual 7 | . 1 3 3 Terminals 9 | . 6 3 . Fabricators . | . . . . Repair Stations . | . . . . Recycling Units . | . . . . Scanalyzers . | . . . . Garrison Access . | . . . . Terminal Hacks 8 | . 5 2 1 Record 4 | . 3 . 1 Prototype ID Bank 2 | . 2 . . Open Door 1 | . . 1 . Patrol Status 1 | . . 1 . Fabricator Hacks . | . . . . Repair Station Hacks . | . . . . Recycling Unit Hacks . | . . . . Scanalyzer . | . . . . Garrison Access Hacks . | . . . . Unauthorized Hacks . | . . . . Terminals . | . . . . Fabricators . | . . . . Repair Stations . | . . . . Recycling Units . | . . . . Scanalyzers . | . . . . Garrison Access . | . . . . Data Cores Recovered . | . . . . Used . | . . . . Hacking Detections 3 | . 2 1 . Full Trace Events . | . . . . Feedback Events . | . . . . Feedback Blocked . | . . . . Robot Schematics Acquired . | . . . . Robots Built . | . . . . Authchips . | . . . . Time . | . . . . Total Robot Build Rating . | . . . . Part Schematics Acquired . | . . . . Parts Built . | . . . . Authchips . | . . . . Time . | . . . . Total Part Build Rating . | . . . . Parts Repaired . | . . . . Time . | . . . . Parts Recycled . | . . . . Recycled Matter . | . . . . Retrieved Matter . | . . . . Retrieved Components . | . . . . Parts Scanalyzed . | . . . . Part Schematics Acquired . | . . . . Parts Damaged . | . . . . Bothacking | -11 -10 -10 -10 ------------ Run | Yrd Mat Min Sub Used RIF Installer . | . . . . Robots Hacked . | . . . . Non-combat . | . . . . Combat . | . . . . Robot Hacks Applied . | . . . . Relay Couplers Released . | . . . . Fabnet Peak Effective % . | . . . . Robots Rewired . | . . . . Allies Hacked . | . . . . Hacks Repelled . | . . . . Allies | -11 -10 -10 -10 -------- Run | Yrd Mat Min Sub Total Allies . | . . . . Largest Group . | . . . . Highest-Rated Group . | . . . . Highest-Rated Ally . | . . . . Total Orders 1 | . . . 1 FOLLOW 1 | . . . 1 Ally Attacks 8 | . . . 8 Total Damage . | . . . . Kills . | . . . . Allies Corrupted . | . . . . Allies Melted . | . . . . Intel | -11 -10 -10 -10 ------- Run | Yrd Mat Min Sub Robot Analysis Total . | . . . . Derelict Logs Recovered 1 | . . 1 . Drone Launches 16 | . . . 16 Drone Recoveries . | . . . . Exploration | -11 -10 -10 -10 ------------- Run | Yrd Mat Min Sub Turns Passed 4829 | 116 952 2964 797 Spaces Moved 2715 | 44 435 1801 435 Core 64 | 4 . . 60 Treads 2651 | 40 435 1801 375 Legs . | . . . . Wheels . | . . . . Hover . | . . . . Flight . | . . . . Fastest Speed 50 | 50 160 160 150 Average Speed 165 | 150 193 160 163 Slowest Speed 240 | 160 240 160 200 Overloaded Moves . | . . . . Propulsion Burnouts . | . . . . Robots Hopped . | . . . . Cave-ins Triggered . | . . . . Exploration Rate (%) 50 | 3 60 100 37 Regions Visited 3 Branch Regions 2 Pre-discovered Areas 1 | . . 1 . Known Exits Taken 2 | . 1 1 . Unknown Exits Taken 1 | 1 . . . Scrap Searched 1 | . . 1 . Spaces Dug 31 | . . 31 . Terrain Destroyed 144 | . . 31 113 Melee . | . . . . Projectile . | . . . . AOE 144 | . . 31 113 Terrain Rammed . | . . . . Walls Destroyed . | . . . . Machines Disabled . | . . . . Actions | -11 -10 -10 -10 --------- Run | Yrd Mat Min Sub Total 2868 | 68 485 1837 478 Wait 5 | . 5 . . Move 2712 | 43 434 1800 435 Hop . | . . . . Pick Up 17 | 1 9 2 5 Fast Attach 10 | 8 2 . . Attach 4 | . . . 4 Detach 2 | 1 . . 1 Swap 9 | . 4 2 3 Drop 6 | . 2 . 4 Fire 91 | 15 29 22 25 Melee . | . . . . Ram . | . . . . Kick . | . . . . Crush 11 | . . 11 . Escape Stasis . | . . . . Rewire . | . . . . Trap 1 | . . . 1 Miscellaneous . | . . . . Route ------- -11/Scrapyard -10/Materials (discovered 3 exits: *Mat x2 / *Min) -10/Mines (discovered 3 exits: *Mat x2 / *Sub) -10/Subcaves (discovered 1 exit: [*Mat]) History --------- Turn | Location | Event 27 | -11/Scrapyard | Discovered new exit (range 16) 117 | -11/Scrapyard | Entered Materials 305 | -10/Materials | Build established: Mutant 371 | -10/Materials | Discovered new exit (range 4) 444 | -10/Materials | Discovered new exit (range 16) 812 | -10/Materials | Discovered new exit (range 4) 1014 | -10/Materials | Identified exit to Materials 1063 | -10/Materials | Identified exit to Mines 1069 | -10/Materials | Entered Mines 1226 | -10/Mines | YI-UF0 nonchalantly dropped a Grenade Launcher on the ground 1284 | -10/Mines | Learned location of Storage (-7) 1300 | -10/Mines | Discovered exit to Materials (range 8) 1355 | -10/Mines | Discovered exit to Materials (range 9) 1651 | -10/Mines | Discovered new exit (range 3) 1653 | -10/Mines | Identified exit to Subcaves 2007 | -10/Mines | Found the Drone Emporium 2012 | -10/Mines | Found Prototype Device 4033 | -10/Mines | Entered Subcaves 4044 | -10/Subcaves | Shifting Twisted Machinery released Riot Gun 4095 | -10/Subcaves | Shifting Twisted Machinery released Piercing Trap 4155 | -10/Subcaves | A swath of the cavern ceiling suddenly collapsed 4229 | -10/Subcaves | Shifting Twisted Machinery released Sub. Laser 4339 | -10/Subcaves | Shifting Twisted Machinery released Flamer 4446 | -10/Subcaves | Visited Clippyterm 4453 | -10/Subcaves | Core integrity fell below 50% 4480 | -10/Subcaves | Discovered new exit (range 12) 4549 | -10/Subcaves | Ambushed by Subdweller buried in earth 4715 | -10/Subcaves | Identified Bomb Drone Bay 4743 | -10/Subcaves | Lost 7 parts (1p2n4w) 4753 | -10/Subcaves | Lost 4 allies 4829 | -10/Subcaves | Disturbed a concealed Subdweller 4830 | -10/Subcaves | Core integrity fell below 20% 4830 | -10/Subcaves | Ambushed by Subdweller buried in earth 4830 | -10/Subcaves | Core destroyed Last Messages --------------- 04724_ Bomb Drone released from Bomb Drone Bay. 04727_ The unstable cave ceiling collapses. 04727_ Acquired Seismic Detector. 04728_ Bomb Drone released from Bomb Drone Bay. 04732_ The unstable cave ceiling collapses. 04745_ W5-ZK1(u) builds Twisted Machinery. 04746_ The unstable cave ceiling collapses. 04829_ QI-AZP(R) angrily emerges from the Twisted Machinery. 04829_ Bomb Drone detonates. 04829_ Bomb Drone destroyed. 04829_ QI-AZP(R) destroyed. 04830_ YU-IIT(R): "NOSTUCKSUB!" 04830_ Bomb Drone detonates. 04830_ Bomb Drone destroyed. 04830_ Grenade Launcher destroyed. 04830_ YU-IIT(R) destroyed. 04830_ Bomb Drone detonates. 04830_ Bomb Drone destroyed. 04830_ Bomb Drone detonates. 04830_ Bomb Drone destroyed. Map ----- +----------------------------------------------------+ | ?????????????????????????????????????????????????? | | ?????????????????????????????????????????????????? | | ?????????????????????????????????????????????????? | | ?????????????????????????????????????????????????? | | ?????????????????????????????????????????????????? | | ?????????????????????????????????????????????????? | | ?????????????????????????????????????????????????? | | ?????????????????????????????????????????????????? | | ?????????????????????????????????????????????????? | | ?????????????????????????????????????????????????? | | ?????????????????????????????????????????????????? | | ?????????????????????????????????????????????????? | | ?????????????????????????????????????????????????? | | ?????????????????????????????????????????????????? | | ?????????????????????????????????????????????????? | | ?????????????????????????????????????????????????? | | ?????????????????????????????????????????????????? | | ??????????????????????######?????????????????????? | | ????????????????????### ## #?????????????????????? | | ?????????????????#### #$ $ ##????????????????????? | | ?????????????????# $ $ ##???????????????????? | | ?????????????????# = #???????????????????? | | ?????????????????# * #???????????????????? | | ?????????????##??# / #?????????##????????? | | ????????????## ### !nnn ###????### ##???????? | | ????????????# # n @ #???## #???????? | | ????????????# R n ##??## ###?????? | | ????????????##### n #??## #?????? | | ????????????????# ##### #??????? | | ????????????????# n ## #???????? | | ??????????????### ## #????????? | | ?????????????## ### ## #????????? | | ?????????????# n ### #????????? | | ?????????????## ## #????????? | | ??????????????## ### ##????????? | | ???????????????# ## ## ##????????? | | ???????????????# ### ## ###???????? | | ???????????????### #### ## #???????? | | ?????????????????############ ## #???????? | | ????????????????#### ######## ## # ##??????? | | ?????????########## ####### # # & #??????? | | ?????????######### #### ##??????? | | ?????????## ### ##??????? | | ?????????## #### "#??????? | | ?????????## ##### ##??????? | | ############# ##### " # ##???????? | | ############# ### # # # # #???????? | | ## ## ## ## ### ##???????? | | ##### # #???????? | | # ###### # # #??????? | +----------------------------------------------------+ Best States ------------- Heat Dissipation 25 Energy Generation 10 Energy Capacity 250 Matter Stores 300 Matter Capacity 300 Sight Range 16 Terrain Scan Density 10 Evasion (%) 40 Targeting Accuracy 5 Recoil Reduction 2 Item Schematics ----------------- None Robot Schematics ------------------ None Fabricated ------------ Nothing Alien Tech Used ----------------- None Achievements -------------- None Challenges ------------ None Game ------ Seed MomentumGuidedClaws Manual? 0 Play Time 00:19:40 Cumulative 61.0 hours Start 2024.04.20 @ 08:01:46 End 2024.04.20 @ 08:20:35 Sessions 1 Manual Loads 0 Difficulty Rogue Special Mode None Game No. 63 Rogue 63 Adventurer 0 Explorer 0 Win Type - Total 0 Types 0/0/0/0/0/0/0/0/0 Lore% 30 Gallery% 48 Achievement% 32 Wizard Run 0 Options --------- Layout 0 ASCII 0 Keyboard 0 Movement Mouse Keybinds 0 Fullscreen 2 Font 24/Smallcaps Map View 183x50 Zoom Use 0% Tactical HUD 1 Map Filters NONE Filters NONE Steam 0 RUN: c58efa01-cff7-450f-9d26-78d285956520